 Dungeon Crawl Stone Soup version 0.29.1-2-gbd0b4ee654 (webtiles) character file.

Game seed: 15867422741655312511

2242 Arctor the Covert (level 9, -2/58 HPs)
             Began as a Vampire Necromancer on Nov 14, 2022.
             Was a Believer of Sif Muna.
             Slain by a gnoll
             ... wielding a +0 flail
              (7 damage)
             ... on level 8 of the Dungeon on Nov 15, 2022.
             The game lasted 00:16:45 (7617 turns).

Arctor the Covert (Vampire Necromancer)             Turns: 7617, Time: 00:16:46

Health: -2/58      AC: 14    Str: 13    XL:     9   Next: 14%
Magic:  16/16      EV:  4    Int: 24    God:    Sif Muna [**....]
Gold:   323        SH:  5    Dex: 12    Spells: 9/17 levels left

rFire   . . .      SeeInvis +   n - +9 spear of the Endless March {vorpal, Str+4}
rCold   . . .      Faith    .   (no shield)
rNeg    . . .      Spirit   .   s - +3 plate armour of Ysiw {Int+5 Dex-3}
rPois   .          Reflect  +   d - +0 helmet
rElec   .          Harm     .   (no cloak)
rCorr   +          Rampage  .   (no gloves)
Will    .....                   (no boots)
Stlth   ..........              k - amulet of reflection
HPRegen 0.39/turn               i - ring of resist corrosion
MPRegen 0.15/turn               (no ring)

@: lethally poisoned (-2 -> -6), healing quickly, slowed, very slow
A: alive, fangs 3, see invisible, vampiric 2, [frail 1]
a: Exsanguinate, Renounce Religion, Channel Magic


You were on level 8 of the Dungeon.
You worshipped Sif Muna.
Sif Muna was pleased with you.
You visited 2 branches of the dungeon, and saw 9 of its levels.

You collected 323 gold pieces.

Inventory:

Hand Weapons
 c - a +1 dagger of protection
 m - a +0 dagger
 n - the +9 spear of the Endless March (weapon) {vorpal, Str+4}
   (You found it on level 4 of the Dungeon)

   It inflicts extra damage upon your enemies.
   Str:       It affects your strength (+4).
Missiles
 g - 7 boomerangs
 q - a throwing net
Armour
 a - a +1 robe
 d - a +0 helmet (worn)
 f - an orb of wrath
 s - the +3 plate armour of Ysiw (worn) {Int+5 Dex-3}
   (You found it on level 6 of the Dungeon)

   Int:       It affects your intelligence (+5).
   Dex:       It affects your dexterity (-3).
Jewellery
 i - a ring of resist corrosion (left hand)
 k - an amulet of reflection (around neck)
Wands
 h - a wand of flame (36)
Scrolls
 e - 2 scrolls of identify
 l - a scroll of enchant armour
 o - a scroll of noise
 t - a scroll of butterflies {unknown}
 u - a scroll of fear
Potions
 b - 3 potions of magic
 j - 3 potions of curing
 p - a potion of degeneration {unknown}
 r - a potion of brilliance
 v - a potion of might {unknown}
 w - a potion of flight


   Skills:
 + Level 3.6 Fighting
 - Level 0.6 Short Blades
 + Level 3.4 Polearms
 + Level 5.8 Dodging
 + Level 8.3 Stealth
 + Level 4.9 Spellcasting
 + Level 6.9 Necromancy
 + Level 3.0 Invocations


You had 9 spell levels left.
You knew the following spells:

 Your Spells              Type           Power      Damage    Failure   Level
a - Necrotise             Necr           100%       1d9       67%         1
b - Vampiric Draining     Necr           39%        2d8       96%         3
c - Animate Dead          Necr           39%        N/A       100%        4

Your spell library contained the following spells:

 Spells                   Type           Power      Damage    Failure   Level
 Sandblast                Erth           10%        2d5       100%        1
 Passwall                 Tmut/Erth      4%         N/A       100%        2
 Stone Arrow              Conj/Erth      10%        3d7       100%        3
 Agony                    Necr           39%        N/A       100%        5
 Iron Shot                Conj/Erth      2%         9d2       100%        6
 Starburst                Conj/Fire      2%         6d3       100%        6


Dungeon Overview and Level Annotations

Branches:
Dungeon (8/15)             Temple (1/1) D:4
   Lair: D:8-11

Altars:
Ashenzari
Cheibriados
Dithmenos
Fedhas
Gozag
Hepliaklqana
Kikubaaqudgha
Nemelex Xobeh
Sif Muna
Trog
Vehumet
Wu Jian
Xom
Yredelemnul

Shops:
D:7 *


Innate Abilities, Weirdness & Mutations

Your natural rate of healing is accelerated.
You have razor-sharp teeth.
You have supernaturally acute eyesight. (SInv)
You are afflicted with vampirism and can become a bat while bloodless.
[You are frail. (-10% HP)]


Message History

Sif Muna accepts your kill.
You reach to attack!
You hit the hornet.
The hornet is lightly wounded.
You closely miss the hornet. Your bite misses the hornet.
The hornet is lightly wounded.
The hornet stings you but does no damage.
The gnoll barely misses you.
An orc comes into view.
It is wielding a +1 short sword of venom.
You block the hornet's attack.
You miss the hornet.
The hornet is lightly wounded.
The hornet stings you!
You feel yourself slow down. The gnoll completely misses you.
You puncture the hornet!
The hornet is moderately wounded.
The hornet barely misses you. The hornet stings you!
You are poisoned.
You suddenly lose the ability to move!
You feel yourself speed up.
You feel very sick. The hornet stings you.
You feel yourself slow down. The gnoll hits you but does no damage.
The gnoll hits you with a +0 flail. The hornet stings you!
You feel as though you will be slow longer.
You feel very sick. The hornet stings you.
* * * LOW HITPOINT WARNING * * *
You feel as though you will be slow longer.
The gnoll hits you but does no damage. The gnoll hits you with a +0 flail.
* * * LOW HITPOINT WARNING * * *
You can move again.
The gnoll attacks as you move away! You block the gnoll's attack.
You feel sick. The gnoll barely misses you. The hornet stings you.
* * * LOW HITPOINT WARNING * * *
You feel as though you will be slow longer.
The gnoll hits you with a +0 club.
* * * LOW HITPOINT WARNING * * *
An orc comes into view. It is wielding a +0 short sword.
The gnoll hits you with a +0 flail!
You die...

... ... #.# #.#
#.# #)#
#.######g#
#......gg####
.##...@y.).#
#.###o##..... #
#.# ##o. #.#
.##.###.#######
........<.....#
....#########...
##


You could see a hornet, 3 gnolls and 2 orcs.

Vanquished Creatures
  Eustachio (D:5)
  2 water moccasins
  An orc warrior (D:6)
  3 ice beasts
  2 ogres
  2 centaurs (D:7)
  2 phantoms (D:5)
  2 bullfrogs
  A necrophage (D:6)
  A wight (D:7)
  2 howler monkeys
  2 hounds
  3 jellies
  3 orc priests
  4 iguanas
  5 orc wizards
  9 gnolls
  An ufetubus (D:4)
  2 worms (D:3)
  A dart slug (D:5)
  25 orcs
  7 ball pythons
  3 endoplasms
  3 giant cockroaches
  3 goblins
  6 hobgoblins
  4 jackals (D:5)
  6 kobolds
  4 quokkas
  6 bats
  15 frilled lizards
  5 rats
136 creatures vanquished.

Vanquished Creatures (collateral kills)
  An orc priest (D:3)
  A quokka (D:1)
  A bat (D:1)
  A frilled lizard (D:1)
  A rat (D:2)
5 creatures vanquished.

Vanquished Creatures (others)
  5 plants (D:6)
5 creatures vanquished.

Grand Total: 146 creatures vanquished

Notes
Turn   | Place    | Note
-------+----------+-------------------------------------------
     0 | D:1      | Arctor the Vampire Necromancer began the quest for the Orb.
     0 | D:1      | Reached XP level 1. HP: 13/13 MP: 3/3
   153 | D:1      | Found a faded altar of an unknown god.
   309 | D:1      | Reached XP level 2. HP: 19/19 MP: 0/5
  1404 | D:2      | Gained mutation: You are afflicted with vampirism and can
                  | become a bat while bloodless. [Vampire growth]
  1404 | D:2      | Reached XP level 3. HP: 17/24 MP: 3/6
  1474 | D:2      | Got the Cyclopedia of Bread
  1562 | D:2      | Learned a level 3 spell: Vampiric Draining
  2036 | D:3      | Reached skill level 4 in Stealth
  2242 | D:3      | Reached XP level 4. HP: 24/30 MP: 1/7
  2254 | D:3      | Reached skill level 5 in Necromancy
  2406 | D:3      | Reached XP level 5. HP: 35/35 MP: 9/9
  2728 | D:4      | Reached skill level 5 in Stealth
  2901 | D:4      | Identified the +9 spear of the Endless March {vorpal,
                  | Str+4}
  2967 | D:4      | Found a staircase to the Ecumenical Temple.
  2972 | Temple   | Entered the Ecumenical Temple
  3096 | Temple   | Became a worshipper of Sif Muna the Loreminder
  3294 | D:4      | Found an ornate altar of the Wu Jian Council.
  3496 | D:5      | Entered Level 5 of the Dungeon
  3518 | D:5      | Noticed a water moccasin
  3524 | D:5      | Killed a water moccasin
  3525 | D:5      | Reached skill level 1 in Fighting
  3525 | D:5      | Reached XP level 6. HP: 20/43 MP: 9/11
  3737 | D:5      | Reached skill level 1 in Polearms
  3881 | D:5      | Reached skill level 6 in Stealth
  3881 | D:5      | Reached XP level 7. HP: 18/49 MP: 10/12
  4039 | D:5      | Reached * piety under Sif Muna
  4480 | D:5      | Found a broken altar of Ashenzari.
  4503 | D:5      | Noticed Eustachio
  4515 | D:5      | Killed Eustachio
  4516 | D:5      | Reached skill level 1 in Invocations
  5035 | D:6      | Reached XP level 8. HP: 45/45 MP: 14/14
  5045 | D:6      | Reached skill level 7 in Stealth
  5074 | D:6      | Reached skill level 5 in Dodging
  5130 | D:6      | Learned a level 4 spell: Animate Dead
  5465 | D:6      | Reached ** piety under Sif Muna
  5785 | D:6      | Identified the +3 plate armour of Ysiw {Int+5 Dex-3}
  5992 | D:6      | Identified the +0 leather armour of the Sky {Int+8}
  6136 | D:6      | Found a radiant altar of Vehumet.
  6992 | D:7      | Found Ehoenlu's Assorted Antiques.
  6998 | D:7      | Reached skill level 8 in Stealth
  7044 | D:7      | Found an opulent altar of Gozag.
  7065 | D:7      | Reached XP level 9. HP: 45/51 MP: 16/16
  7274 | D:7      | Found an ancient bone altar of Kikubaaqudgha.
  7421 | D:7      | Found a basalt altar of Yredelemnul.
  7503 | D:7      | Found a hazy altar of Hepliaklqana.
  7614 | D:8      | Paralysed by a hornet for 3 turns
  7617 | D:8      | Slain by a gnoll

Illustrated notes

Levels and vault maps discovered:
D:1:      amcnicky_arrival_flooded_fountain, layout_basic,
          basic_ecumenical_altar
D:2:      layout_rooms
D:3:      layout_rooms
D:4:      layout_rooms, nicolae_overflow_hidden_temple,
          lemuel_coloured_pillars_altar, tso_oasis_becter, temple_doors_cd
D:5:      layout_loops_ring, lemuel_tele_altar, kennysheep_generic_room_16,
          uniq_eustachio
D:6:      layout_basic, lemuel_round_altar, minmay_lizard_king
D:7:      layout_cave_pools, mainiacjoe_overflow_concentric_impassable,
          mainiacjoe_overflow_alcove_4, nicolae_gozag_seed_capital,
          marbit_many_paths, serial_shops, nicolae_stop_n_shop_1
D:8:      layout_loops_ring, kennysheep_little_box, kennysheep_okawaru_gauntlet,
          overflow_temple_1_default, lair_entry_dummy, grunt_ministairs_15,
          sigmund_army
Temple:   nicolae_temple_two_arcs

Skill      XL: |  1  2  3  4  5  6  7  8  9 |
---------------+----------------------------+-----
Stealth        | 4 5 6 8 |  8.3
Dodging        | 3 4 5 |  5.8
Necromancy     | 5 6 |  6.9
Spellcasting   | 3 4 |  4.9
Fighting       | 1 2 3 |  3.6
Polearms       | 1 2 3 |  3.4
Invocations    | 1 2 3 |  3.0
Short Blades   | |  0.6

Action                   |  1- 3 |  4- 6 |  7- 9 || total
-------------------------+-------+-------+-------++-------
Melee: Unarmed           |    17 |       |       ||    17
       Bite              |     2 |     5 |     9 ||    16
       Dagger            |     4 |     8 |       ||    12
       Spear             |       |    68 |   178 ||   246
       Punch             |       |     2 |     1 ||     3
 Cast: Necrotise         |    69 |    35 |     3 ||   107
       Vampiric Draining |     2 |     1 |    10 ||    13
       Animate Dead      |       |       |     1 ||     1
 Abil: Exsanguinate      |       |       |     1 ||     1
       Revivify          |       |       |     1 ||     1
  Use: Scroll            |     3 |     3 |     2 ||     8
       Potion            |     1 |     5 |     1 ||     7
 Stab: Sleeping          |       |     3 |    13 ||    16
       Distracted        |       |       |     2 ||     2
Armor: Robe              |     6 |     6 |    12 ||    24
       Skin              |       |     2 |       ||     2
       Plate armour      |       |       |    30 ||    30
Dodge: Dodged            |    23 |    34 |    54 ||   111
Block: Other             |     5 |     9 |    31 ||    45
       Reflection        |       |     1 |     6 ||     7
